 Dungeon Crawl Stone Soup version 0.31-a0-1591-g515db51633 (webtiles) character file.

Game seed: 18227116035696982353

155 shadizar the Firebug (level 5, -2/32 HPs)
             Began as a Gargoyle Fire Elementalist on Jan 6, 2024.
             Shot with an arrow by an orc warrior (13 damage)
             ... on level 4 of the Dungeon.
             The game lasted 00:06:55 (4315 turns).

shadizar the Firebug (Gargoyle Fire Elementalist)   Turns: 4315, Time: 00:06:56

Health: -2/32      AC:  7    Str: 12    XL:     5   Next: 37%
Magic:  0/9        EV: 11    Int: 17    God:
Gold:   134        SH:  0    Dex: 10    Spells: 6/9 levels left

rFire   . . .        r - +2 dagger (protect)
rCold   . . .        (no shield)
rNeg    + . .        a - +0 robe
rPois   ∞            (no helmet)
rElec   +            (no cloak)
rCorr   .            l - +0 pair of gloves
SInv    .            (no boots)
Will    .....        (no amulet)
Stlth   ++           (no ring)
HPRegen 0.25/turn    (no ring)
MPRegen 0.11/turn

%: no passive effects
@: no status effects
A: sickness immunity, AC +4, negative energy resistance 1, electricity
resistance, torment resistance 1, petrification resistance
a: no special abilities


You were on level 4 of the Dungeon.
You visited 1 branch of the dungeon, and saw 4 of its levels.

You collected 134 gold pieces.

Inventory:

Hand Weapons
 f - a +0 short sword
 r - a +2 dagger of protection (weapon)
Armour
 a - a +0 robe (worn)
 e - a +0 leather armour
 l - a +0 pair of gloves (worn)
Scrolls
 d - a scroll of acquirement {unknown}
 g - 7 scrolls of identify {unknown}
 k - a scroll of revelation {unknown}
 m - a scroll of enchant armour {unknown}
 o - 2 scrolls of enchant weapon {unknown}
 p - a scroll of fog {unknown}
Potions
 b - 2 potions of magic
 h - 3 potions of curing {unknown}
 i - a potion of heal wounds {unknown}
 j - 3 potions of enlightenment {unknown}
 n - a potion of resistance {unknown}
 q - a potion of attraction {unknown}


   Skills:
 * Level 3.1 Fighting
 - Level 1.5 Dodging
 - Level 2.1 Stealth
 + Level 2.8 Spellcasting
 + Level 2.7 Conjurations
 + Level 3.7 Fire Magic


You had 6 spell levels left.
You knew the following spells:

 Your Spells              Type           Power      Damage    Failure   Level
a - Foxfire               Conj/Fire      52%        2x1d6     4%          1
b - Scorch                Fire           28%        2d6       6%          2

Your spell library contained the following spells:

 Spells                   Type           Power      Damage    Failure   Level
 Inner Flame              Hex/Fire       8%         N/A       26%         3
 Volatile Blastmotes      Fire/Tloc      16%        2d11      26%         3
 Hailstorm                Conj/Ice       6%         3d5       30%         3
 Flame Wave               Conj/Fire      13%        2d6       43%         4
 Summon Ice Beast         Ice/Summ       2%         N/A       47%         3
 Sculpt Simulacrum        Ice/Alch       1%         N/A       100%        6


Dungeon Overview and Level Annotations

Branches:
Dungeon (4/15)
 Temple: D:4-7

Altars:
Cheibriados
Gozag
Wu Jian
Zin


Innate Abilities, Weirdness & Mutations

You are immune to sickness and miasma.
Your stone body is resilient. (AC +4)
You are immune to poison.
You resist negative energy. (rN+)
You are resistant to electric shocks. (rElec)
You are resistant to unholy torment.
You are immune to petrification.


Message History

Okay, then.
You start memorising the spell.
You continue memorising.
The orc warrior shouts!
You hear a shout! x2
You continue memorising.
The orc warrior closely misses you.
You finish memorising.
Spell assigned to 'b'.
Casting: Foxfire (safe; 4% risk of failure)
Confirm with . or Enter, or press ? or * to list all spells.
Flames lash the orc warrior.
The orc warrior is moderately wounded.
The orc warrior's fire resistance burns away.
The orc warrior misses you.
Unknown command.
Casting: Scorch (safe; 6% risk of failure)
Confirm with . or Enter, or press ? or * to list all spells.
Flames lash the orc warrior.
The orc warrior is burned terribly!
The orc warrior is heavily wounded.
The orc warrior hits you with a +0 scimitar!
An orc wizard comes into view. It is wielding a +0 dagger.
Casting: Scorch (safe; 6% risk of failure)
Confirm with . or Enter, or press ? or * to list all spells.
Flames lash the orc wizard.
The orc wizard is heavily wounded.
The orc wizard's fire resistance burns away.
The orc warrior closely misses you.
Casting: Scorch (safe; 6% risk of failure)
Confirm with . or Enter, or press ? or * to list all spells.
Flames lash the orc warrior.
The orc warrior is burned terribly!
The orc warrior is almost dead.
The orc warrior hits you with a +0 scimitar!
Casting: Scorch (safe; 6% risk of failure)
Confirm with . or Enter, or press ? or * to list all spells.
You conjure some foxfire!
The orc warrior barely misses you.
An orc priest comes into view. It is wielding a +0 mace.
Your foxfire dissipates!
The foxfire hits the orc warrior but does no damage.
The orc warrior is almost dead.
The orc warrior unwields a +0 scimitar.
The orc warrior wields a +0 orcbow.
The orc warrior shoots an arrow.
The arrow hits you!
You die...

##.##.###.#.........
#.#)....#.#.....####
#.##.#........##
#.##.###.###.##
#.###.##.###.# #.#
#....oo......# #.#
#####o######## #'#
#<## .. #§@# ##.#
###


You could see an orc warrior (combustible) and an orc wizard (combustible).

Vanquished Creatures
  5 adders
  7 dart slugs
  2 ribbon worms (D:2)
  2 orcs (D:3)
  11 ball pythons
  8 endoplasms
  3 giant cockroaches
  3 goblins
  6 hobgoblins
  10 jackals
  4 quokkas
  6 bats
  4 frilled lizards
  7 kobolds
  4 rats
82 creatures vanquished.

Vanquished Creatures (others)
  261 foxfires
261 creatures vanquished.

Grand Total: 343 creatures vanquished

Notes
Turn   | Place    | Note
-------+----------+-------------------------------------------
     0 | D:1      | shadizar the Gargoyle Fire Elementalist began the quest for
                  | the Orb.
     0 | D:1      | Reached XP level 1. HP: 10/10 MP: 3/3
   239 | D:1      | Reached XP level 2. HP: 16/16 MP: 1/5
   332 | D:1      | Reached skill level 1 in Fighting
   504 | D:1      | Reached XP level 3. HP: 9/20 MP: 0/6
  1514 | D:2      | Reached XP level 4. HP: 26/26 MP: 2/7
  2988 | D:3      | Found an ornate altar of the Wu Jian Council.
  2988 | D:3      | Found a glowing silver altar of Zin.
  3157 | D:3      | Reached XP level 5. HP: 31/32 MP: 3/9
  3637 | D:3      | Found a snail-covered altar of Cheibriados.
  3847 | D:3      | Identified the +1 spear of Xuhukli {freeze, Str+5 Dex-4}
  3962 | D:3      | Found an opulent altar of Gozag.
  4306 | D:4      | Noticed an orc warrior
  4310 | D:4      | Learned a level 2 spell: Scorch
  4315 | D:4      | Shot with an arrow by an orc warrior

Illustrated notes

Levels and vault maps discovered:
D:1:      spicycebolla_arrival_clurvy, layout_basic, roderic_serpentine_path
D:2:      layout_loops_corners, minmay_pentomino_w4
D:3:      layout_loops_cross, mainiacjoe_overflow_catch_the_wave,
          mainiacjoe_overflow_catwalk, mainiacjoe_overflow_six_doors_small,
          chequers_arboretum
D:4:      layout_loops_corners, nicolae_overflow_crystal_walls,
          nicolae_tso_swordbearing_angel, fedhas_altar_fruit_tree, serial_shops,
          shop

Skill      XL: |  1  2  3  4  5 |
---------------+----------------+-----
Fighting       | 1 2 3 |  3.1
Conjurations   | 2 |  2.7
Dodging        | |  1.5
Stealth        | |  2.1
Spellcasting   | |  2.8
Fire Magic     | |  3.7

Action                     |  1- 3 |  4- 6 || total
---------------------------+-------+-------++-------
  Melee: Dagger            |    67 |    52 ||   119
         Unarmed           |     9 |       ||     9
         Punch             |     1 |     2 ||     3
   Cast: Foxfire           |    69 |   107 ||   176
         Scorch            |       |     4 ||     4
   Stab: Sleeping          |       |     1 ||     1
 Armour: Robe              |    57 |    58 ||   115
  Dodge: Dodged            |    67 |    37 ||   104

Table legend: (Time is in decaauts)
 A = Elapsed time spent in this place.
 B = Non-inter-level travel time spent in this place.
 C = Inter-level travel time spent in this place.
 D = Time resting spent in this place.
 E = Time spent auto-exploring this place.
 F = Levels seen in this place.
 G = Mean time per level.
                   A        B        C        D        E       F      G
               +--------+--------+--------+--------+--------+-----+--------+
         Total |   4316 |   4134 |    182 |      0 |   3219 |   4 | 1079.0 |
       Dungeon |   4316 |   4134 |    182 |      0 |   3219 |   4 | 1079.0 |
               +--------+--------+--------+--------+--------+-----+--------+

Top non-repeatable levels by time:
     D:2: 1647 daAuts
     D:1: 1340 daAuts
     D:3: 1161 daAuts
     D:4: 167 daAuts
